 Dungeon Crawl Stone Soup version 0.19.0-11-g3fc08b3 (webtiles) character file.

64 Patate the Skirmisher (level 3, -2/33 HPs)
             Began as a Centaur Fighter on Nov 9, 2016.
             Slain by a goblin
             ... wielding a +0 dagger
             ... led by Robin
              (7 damage)
             ... on level 2 of the Dungeon.
             The game lasted 00:02:31 (1163 turns).

Patate the Skirmisher (Centaur Fighter)             Turns: 1163, Time: 00:02:31

Health: -2/33      AC:  6    Str: 24    XL:     3   Next: 91%
Magic:  3/3        EV:  5    Int:  7    God:
Gold:   42         SH:  8    Dex:  8    Spells: 0 memorised, 2 levels left

rFire  . . .     SeeInvis .     a - +0 trident
rCold  . . .     Gourm    .     b - +0 scale mail
rNeg   . . .     Faith    .     c - +0 shield
rPois  .         Spirit   .     (no helmet)
rElec  .         Reflect  .     (no cloak)
rCorr  .         Harm     .     (no gloves)
MR     .....                    (no barding)
Stlth  ..........               (no amulet)
                                (no ring)
                                (no ring)

@: mighty, very quick
A: hooves 3, deformed body, speed 2, tough skin 3
a: no special abilities


You were on level 2 of the Dungeon.
You were not hungry.

You visited 1 branch of the dungeon, and saw 2 of its levels.

You collected 42 gold pieces.

Inventory:

Hand Weapons
 a - a +0 trident (weapon)
Armour
 b - a +0 scale mail (worn)
 c - a +0 shield (worn)
Jewellery
 k - an uncursed ring of protection from cold {unknown}
Scrolls
 g - 3 scrolls of identify {unknown}
 j - a scroll of noise {unknown}
 l - a scroll of recharging {unknown}
Potions
 h - a potion of heal wounds {unknown}
 i - a potion of ambrosia {unknown}
 n - a potion of lignification {unknown}
Comestibles
 f - 3 bread rations


   Skills:
 + Level 3.7 Fighting
 * Level 2.5 Polearms
 + Level 2.7 Armour
 - Level 2.1 Shields


You had 2 spell levels left.
You didn't know any spells.

Dungeon Overview and Level Annotations

Branches:
Dungeon (2/15)

Altars:

Annotations:
D:2 Robin


Innate Abilities, Weirdness & Mutations

You have hooves in place of feet.
Armour fits poorly on your strangely shaped body.
You cover ground very quickly.
You have extremely tough skin. (AC +3)


Message History

* * * LOW HITPOINT WARNING * * *
You block the goblin's attack.
Sorry, you're not good enough to have a special ability.
You feel very mighty all of a sudden. The goblin hits you.
* * * LOW HITPOINT WARNING * * *
The goblin hits you but does no damage. You block the goblin's attack.
Robin's horned helmet rattles.
The goblin barely misses you.
You puncture the goblin!
You kill the goblin!
The goblin no longer looks unusually strong. x2
Robin throws the goblin at you!
* * * LOW HITPOINT WARNING * * *
The goblin hits you but does no damage. The goblin barely misses you.
The goblin closely misses you. You block the goblin's attack.
You closely miss the goblin. You kick the goblin.
You kill the goblin!
The goblin hits you but does no damage. The goblin hits you with a dagger!
You die...

..##.##.##..............#.# #.#
.....##.##.##........##...# #.#
#.#####.##.###.....####...# #..
#.......##.###.....# #...# ###
##########......#### #...#
#########......# #...#
##..............#######...#####
.#.....#...##..g##g............
.#.............g@gK............
.#..)..#.......)##g............
.#.....#....#.#.#######...#####
................# #...#
......##......### #...#
.####.#####.### #...#
....#.#####># #g..#
.##.........# .gg..#
.####.####### .....#


You could see Robin, a hobgoblin, 3 goblins and a kobold.

Vanquished Creatures
  Jessica (D:2)
  An adder (D:2)
  2 dart slugs (D:1)
  2 giant cockroaches (D:2)
  9 goblins
  3 hobgoblins (D:1)
  A frilled lizard (D:2)
  4 kobolds (D:1)
  A rat (D:1)
24 creatures vanquished.

Notes
Turn   | Place    | Note
-------+----------+-------------------------------------------
     0 | D:1      | Patate the Centaur Fighter began the quest for the Orb.
     0 | D:1      | Reached XP level 1. HP: 19/19 MP: 1/1
   153 | D:1      | Reached XP level 2. HP: 26/26 MP: 2/2
   769 | D:2      | Noticed Jessica
   790 | D:2      | Killed Jessica
   790 | D:2      | Reached XP level 3. HP: 21/31 MP: 3/3
  1132 | D:2      | Noticed Robin
  1163 | D:2      | Slain by a goblin

Skill      XL: |  1 |
---------------+----+-----
Polearms       | 2 |  2.5
Fighting       | |  3.7
Armour         | |  2.7
Shields        | |  2.1

Action                   || total
-------------------------++-------
Melee: Trident           ||    84
       Kick              ||    14
  Use: Potion            ||     3
Armor: Scale mail        ||    48
Dodge: Dodged            ||    25
Block: Shield            ||    37
